 Dungeon Crawl Stone Soup version 0.21.1-1-g345015f (webtiles) character file.

63 nicolaieve the Conjurer (level 3, -1/19 HPs)
             Began as a Deep Elf Conjurer on June 7, 2018.
             Slain by a goblin
             ... wielding a +0 dagger
             ... led by Robin
              (6 damage)
             ... on level 2 of the Dungeon.
             The game lasted 00:12:38 (1234 turns).

nicolaieve the Conjurer (Deep Elf Conjurer)         Turns: 1234, Time: 00:12:39

Health: -1/19      AC:  3    Str:  6    XL:     3   Next: 87%
Magic:  4/9        EV: 13    Int: 19    God:
Gold:   122        SH:  0    Dex: 15    Spells: 5/8 levels left

rFire    . . .     SeeInvis .   (no weapon)
rCold    . . .     Gourm    .   (no shield)
rNeg     . . .     Faith    .   a - +0 robe
rPois    .         Spirit   .   (no helmet)
rElec    .         Reflect  .   l - +0 cloak
rCorr    .         Harm     .   (no gloves)
MR       .....                  (no boots)
Stlth    ++........             (no amulet)
HPRegen  0.06/turn              (no ring)
MPRegen  0.11/turn              (no ring)

@: no status effects
A: no striking features
a: no special abilities


You were on level 2 of the Dungeon.
You were not hungry.

You visited 1 branch of the dungeon, and saw 2 of its levels.

You collected 122 gold pieces.

Inventory:

Missiles
 m - 13 poisoned needles
Armour
 a - a +0 robe (worn)
 l - a +0 cloak (worn)
Scrolls
 d - 2 scrolls of magic mapping {unknown}
 g - 4 scrolls of teleportation {unknown}
 h - 2 scrolls of identify {unknown}
 k - 2 scrolls of random uselessness {unknown}
Potions
 e - 2 potions of flight {unknown}
 f - a potion of curing {unknown}
 i - a potion of lignification {unknown}
 j - a potion of degeneration {unknown}
 n - a potion of berserk rage {unknown}
Books
 b - a book of Conjurations

   Spells                             Type                      Level
   a - Magic Dart                     Conjuration                  1
   b - Searing Ray                    Conjuration                  2
   c - Dazzling Spray                 Conjuration/Hexes            3
   d - Fulminant Prism                Conjuration/Hexes            4
   e - Force Lance                    Conjuration/Translocation    4
   f - Iskenderun's Mystic Blast      Conjuration                  4
Comestibles
 c - a ration
 o - 2 chunks of flesh


   Skills:
 - Level 2.4 Dodging
 - Level 2.4 Stealth
 - Level 3.0 Spellcasting
 + Level 6.1 Conjurations


You had 5 spell levels left.
You knew the following spells:

 Your Spells              Type           Power        Failure   Level  Hunger
a - Magic Dart            Conj           ####         1%          1    None
b - Searing Ray           Conj           ####..       1%          2    ##.....


Dungeon Overview and Level Annotations

Branches:
Dungeon (2/15)

Altars:
Kikubaaqudgha
Yredelemnul

Annotations:
D:2 Menkaure, Robin, Sigmund


Message History

Press: ? - help, Shift-Dir - straight line, f/p - goblin
Aim: a goblin (heavily wounded)
The magic dart hits the goblin.
You kill the goblin!
A hobgoblin comes into view.
It is wielding a club. 2 goblins come into view.
The goblin shouts!
You hear a shout! x3; The goblin shouts!
Robin of the Strong Arm comes into view.
She is wielding a mace.
Robin shouts!
Robin throws the goblin at you!
You hear a shout!
The goblin hits you with a dagger.
* * * LOW HITPOINT WARNING * * *
The goblin barely misses you.
Robin roars a battlecry!
The goblins go into a battle-frenzy!
You see here a frilled lizard skeleton.
There is an escape hatch in the ceiling here.
The goblin hits you with a dagger.
You die...

...@..<.....?.##..#####.##.
######..###.####....(...#
............ ..#.######.#
####.....##.##.#.# #.# #
#.###.##. #.#.# #.# ..
.##.##.#.# #.# # ...
.##.#....######.##.# ##.
###(.....g.........#
###...@g.÷g...####
##.#..##...g#######
#.....g..........#
...........g..[....#
#..............####.#
#.####..##...### #.
#..##...# #..###### #.


You could see Robin, a hobgoblin and 3 goblins.

Vanquished Creatures
  A worker ant (D:2)
  An adder zombie (D:2)
  A bat skeleton (D:2)
  A giant cockroach (D:1)
  2 goblins (D:2)
  4 hobgoblins
  6 jackals
  4 kobolds
  A quokka (D:2)
  6 bats (D:1)
  3 frilled lizards
  A rat (D:1)
31 creatures vanquished.

Notes
Turn   | Place    | Note
-------+----------+-------------------------------------------
     0 | D:1      | nicolaieve the Deep Elf Conjurer began the quest for the Orb.
     0 | D:1      | Reached XP level 1. HP: 10/10 MP: 6/6
   239 | D:1      | Reached XP level 2. HP: 15/15 MP: 0/8
   245 | D:1      | Learned a level 2 spell: Searing Ray
   286 | D:1      | Reached skill level 5 in Conjurations
   720 | D:2      | Noticed a necrophage
   743 | D:2      | Noticed Sigmund
   890 | D:2      | Found a basalt altar of Yredelemnul.
   891 | D:2      | Found an ancient bone altar of Kikubaaqudgha.
   891 | D:2      | Noticed Menkaure
   932 | D:2      | Found a transporter.
   944 | D:2      | Found a transporter.
   975 | D:2      | Reached XP level 3. HP: 6/19 MP: 0/9
  1144 | D:2      | Reached skill level 6 in Conjurations
  1226 | D:2      | Noticed Robin
  1234 | D:2      | Slain by a goblin

Skill      XL: |  1  2  3 |
---------------+----------+-----
Conjurations   | 5 6 |  6.1
Dodging        | |  2.4
Stealth        | |  2.4
Spellcasting   | |  3.0

Action                   || total
-------------------------++-------
Melee: Unarmed           ||    22
 Cast: Magic Dart        ||    60
       Searing Ray       ||     5
  Eat: Ration            ||     1
Armor: Robe              ||    19
Dodge: Dodged            ||    42
